 Dungeon Crawl Stone Soup version 0.25-a0-277-g7046ed1b37 (webtiles) character file.

Game seed: 14728144624603788451, levelgen mode: deterministic

605 zekameka the Shield-Bearer (level 7, -1/60 HPs)
             Began as a Hill Orc Fighter on Dec 9, 2019.
             Slain by an adder (3 damage)
             ... on level 5 of the Dungeon.
             The game lasted 00:16:02 (3604 turns).

zekameka the Shield-Bearer (Hill Orc Fighter)       Turns: 3604, Time: 00:16:03

Health: -1/60      AC:  9    Str: 20    XL:     7   Next: 42%
Magic:  7/7        EV:  6    Int:  8    God:
Gold:   215        SH: 10    Dex: 11    Spells: 6/6 levels left

rFire    . . .     SeeInvis .   j - +0 mace (crush)
rCold    . . .     Gourm    .   c - +0 shield
rNeg     . . .     Faith    .   A - +0 chain mail
rPois    .         Spirit   .   (no helmet)
rElec    .         Reflect  .   (no cloak)
rCorr    .         Harm     .   (no gloves)
MR       .....                  (no boots)
Stlth    ..........             (no amulet)
HPRegen  0.20/turn              (no ring)
MPRegen  0.10/turn              (no ring)

@: lethally poisoned (-1 -> -1)
A: no striking features
a: no special abilities


You were on level 5 of the Dungeon.
You were full.

You visited 1 branch of the dungeon, and saw 5 of its levels.

You collected 215 gold pieces.

Inventory:

Hand Weapons
 a - a +0 war axe
 e - a +0 club
 h - a +0 whip
 j - a +0 mace of crushing (weapon)
 k - a +0 club
 l - a +0 dagger
 p - a +0 club
 v - a +0 short sword
 C - a +0 falchion
Missiles
 o - 28 sling bullets
 q - 155 stones (quivered)
 t - 5 atropa-tipped darts
 u - 37 bolts
Armour
 b - a +0 scale mail
 c - a +0 shield (worn)
 m - a +0 ring mail
 A - a +0 chain mail (worn)
Jewellery
 F - an uncursed ring of see invisible {unknown}
Scrolls
 i - 2 scrolls of immolation {unknown}
 n - 4 scrolls of remove curse {unknown}
 r - 3 scrolls of identify {unknown}
 w - 2 scrolls of teleportation {unknown}
 y - a scroll of amnesia {unknown}
 E - a scroll of enchant armour {unknown}
 G - a scroll of fog {unknown}
Potions
 d - 4 potions of might
 f - a potion of brilliance {unknown}
 g - 2 potions of haste {unknown}
 s - a potion of lignification {unknown}
 x - a potion of mutation {unknown}
 z - a potion of berserk rage {unknown}
 D - 3 potions of heal wounds {unknown}
 H - a potion of magic {unknown}
Comestibles
 B - 5 rations


   Skills:
 + Level 4.5 Fighting
 + Level 2.7(4.5) Axes
 + Level 4.7(5.0) Maces & Flails
 + Level 4.7 Armour
 + Level 0.8 Dodging
 + Level 0.1 Stealth
 + Level 6.0 Shields


You had 6 spell levels left.
You didn't know any spells.
Your spell library contained the following spells:

 Spells                   Type           Power        Failure   Level  Hunger
 Blink                    Tloc           N/A          100%        2    ###....
 Shroud of Golubria       Chrm/Tloc      #.....       100%        2    ###....
 Gell's Gravitas          Tloc           #.........   100%        3    ####...
 Lesser Beckoning         Tloc           #.........   100%        3    ####...
 Teleport Other           Tloc           #.......     100%        3    ####...
 Passage of Golubria      Tloc           N/A          100%        4    #####..


Dungeon Overview and Level Annotations

Branches:
Dungeon (5/15)             Temple (0/1) D:5

Altars:
Kikubaaqudgha
Xom


Message History

The adder poisons you!
You feel sick.
You thump the adder!
The adder is almost dead.
The adder bites you but does no damage. The phantom hits you.
* * * LOW HITPOINT WARNING * * *
You block the adder's attack.
You miss the adder.
The adder is almost dead.
You block the adder's attack.
The phantom hits you but does no damage.
You block the adder's attack.
You closely miss the adder.
The adder is almost dead.
You feel sick. The phantom closely misses you. The adder bites you.
* * * LOW HITPOINT WARNING * * *
The phantom blinks!
The adder bites you but does no damage.
You feel sick. The adder bites you.
You die...

## ####8##### ....>..@.#
## ....8...S# ..#
.........# #.#
.........# #.#
$....W...# #.#
.........# #.# .
.....###.####.####..###.
..... #.........<....#.
... ######..###.. ...


You could see a phantom and an adder.

Vanquished Creatures
  Menkaure (D:5)
  2 vampire bats (D:3)
  A centaur skeleton (D:4)
  2 jellies (D:2)
  2 bullfrog skeletons
  2 iguanas
  Natasha (thrice) (D:3)
  A worker ant (D:4)
  4 adders
  A dart slug (D:3)
  2 leopard geckos (D:3)
  6 orcs
  A bat skeleton (D:3)
  4 bat zombies (D:3)
  2 giant cockroaches (D:3)
  8 goblins
  12 hobgoblins
  4 jackals
  2 quokkas
  A ball python (D:3)
  12 bats
  5 frilled lizards
  18 kobolds
  9 rats
105 creatures vanquished.

Notes
Turn   | Place    | Note
-------+----------+-------------------------------------------
     0 | D:1      | zekameka the Hill Orc Fighter began the quest for the Orb.
     0 | D:1      | Reached XP level 1. HP: 19/19 MP: 1/1
   138 | D:1      | Reached XP level 2. HP: 26/27 MP: 2/2
   884 | D:1      | Reached skill level 1 in Maces & Flails
   884 | D:1      | Reached XP level 3. HP: 33/33 MP: 3/3
  1265 | D:4      | Reached XP level 4. HP: 35/40 MP: 4/4
  1273 | D:4      | Reached skill level 4 in Shields
  1358 | D:3      | Reached XP level 5. HP: 23/46 MP: 5/5
  1535 | D:3      | Noticed Natasha
  1540 | D:3      | Killed Natasha
  1738 | D:3      | Reached skill level 5 in Shields
  1778 | D:3      | Reached XP level 6. HP: 19/52 MP: 6/6
  2454 | D:3      | Found an ancient bone altar of Kikubaaqudgha.
  2454 | D:3      | Noticed Natasha
  2459 | D:3      | Killed Natasha
  3272 | D:2      | Found a shimmering altar of Xom.
  3385 | D:3      | Noticed Natasha
  3395 | D:3      | Killed Natasha
  3395 | D:3      | Reached XP level 7. HP: 48/60 MP: 7/7
  3519 | D:5      | Entered Level 5 of the Dungeon
  3519 | D:5      | Noticed Menkaure
  3528 | D:5      | Killed Menkaure
  3528 | D:5      | Reached skill level 6 in Shields
  3540 | D:5      | Found a staircase to the Ecumenical Temple.
  3600 | D:5      | HP: 2/60 [adder (2)]
  3604 | D:5      | Slain by an adder

Levels and vault maps discovered:
D:1:      dpeg_arrival_refuge, layout_basic, serial_curves, eino_curves_02,
          eino_curves_01
D:2:      layout_basic, minmay_misc_feat_rows, dk_xom_monty_hall
D:3:      layout_basic, kennysheep_vampire_church, minmay_increasing_density,
          uniq_natasha
D:4:      layout_basic, led_sif_book, first_ration, minmay_misc_feat_iff
D:5:      layout_basic, temple_statues, cheibrodos_sewer_entry_drain,
          uniq_menkaure

Skill      XL: |  1  2  3  4  5  6  7 |
---------------+----------------------+-----
Maces & Flails | 1 2 3 4 |  4.7
Fighting       | 4 |  4.5
Shields        | 4 5 6 |  6.0
Armour         | 4 |  4.7
Axes           | |  2.7
Dodging        | |  0.8
Stealth        | |  0.1

Action                   |  1- 3 |  4- 6 |  7- 9 || total
-------------------------+-------+-------+-------++-------
Melee: Mace              |   119 |   213 |    37 ||   369
       War axe           |     5 |       |       ||     5
Throw: Stone             |       |     1 |       ||     1
  Eat: Chunk             |     1 |     1 |       ||     2
       Ration            |       |     3 |     1 ||     4
Armor: Scale mail        |    78 |     5 |       ||    83
       Chain mail        |       |   210 |    11 ||   221
Dodge: Dodged            |    47 |   100 |     4 ||   151
Block: Shield            |    75 |   224 |    19 ||   318

Table legend:
 A = Non-vault XP
 B = Vault XP
 C = Vault XP percentage of total XP
 D = Non-vault monster count
 E = Vault monster count
 F = Vault count percentage of total count
                 A         B        C        D         E       F
            +---------+---------+-------+---------+---------+-------
      Total |     427 |     438 |  50.6 |      82 |      23 |  21.9
            +---------+---------+-------+---------+---------+-------
        D:1 |      39 |       0 |   0.0 |      26 |       0 |   0.0
        D:2 |      40 |      82 |  67.2 |      19 |       3 |  13.6
        D:3 |     199 |     184 |  48.0 |      29 |      19 |  39.6
        D:4 |     149 |       0 |   0.0 |       8 |       0 |   0.0
        D:5 |       0 |     172 | 100.0 |       0 |       1 | 100.0
            +---------+---------+-------+---------+---------+-------
